 Dungeon Crawl Stone Soup version 0.28.0-45-g0d030f2227 (webtiles) character file.

Game seed: 12884072862458920974

53 Peloso the Covered (level 3, -10/33 HPs)
             Began as a Minotaur Fighter on Apr 10, 2022.
             Was an Initiate of Okawaru.
             Splashed by a jelly's acid (11 damage)
             ... on level 4 of the Dungeon.
             The game lasted 00:02:35 (2554 turns).

Peloso the Covered (Minotaur Fighter)               Turns: 2554, Time: 00:02:36

Health: -10/33     AC:  0    Str: 20    XL:     3   Next: 64%
Magic:  2/2        EV:  9    Int:  5    God:    Okawaru [......]
Gold:   108        SH:  5    Dex: 11    Spells: 2/2 levels left

rFire   . . .      SeeInvis .   a - +0 long sword
rCold   . . .      Faith    .   c - +1 buckler
rNeg    . . .      Spirit   .   b - +0 scale mail
rPois   .          Reflect  .   (helmet restricted)
rElec   .          Harm     .   (no cloak)
rCorr   .          Rampage  .   (no gloves)
Will    .....                   (no boots)
Stlth   ..........              (no amulet)
HPRegen 0.11/turn               (no ring)
MPRegen 0.08/turn               (no ring)

@: corroded
A: horns 2, retaliatory headbutt
a: Renounce Religion


You were on level 4 of the Dungeon.
You worshipped Okawaru.
Okawaru was noncommittal.
You visited 1 branch of the dungeon, and saw 4 of its levels.

You collected 108 gold pieces.

Inventory:

Hand Weapons
 a - a +0 long sword (weapon)
Armour
 b - a +0 scale mail (worn)
 c - a +1 buckler (worn)
Scrolls
 e - a scroll of fog {unknown}
 f - a scroll of enchant armour
 h - a scroll of identify
 i - a scroll of teleportation {unknown}
 j - a scroll of noise {unknown}
 k - a scroll of amnesia {unknown}
Potions
 d - a potion of might
 g - 2 potions of haste


   Skills:
 + Level 4.2 Fighting
 + Level 3.1 Long Blades
 + Level 4.4 Armour
 + Level 0.1 Stealth
 + Level 4.0 Shields


You had 2 spell levels left.
You didn't know any spells.
Your spell library contained the following spells:

 Spells                   Type           Power      Damage    Failure   Level
 Frozen Ramparts          Ice            0%         1d2       99%         3
 Ice Form                 Ice/Tmut       0%         N/A       100%        4
 Summon Ice Beast         Ice/Summ       Unusable   N/A       N/A         4

Dungeon Overview and Level Annotations

Branches:
Dungeon (4/15)
 Temple: D:4-7

Altars:
Dithmenos
Hepliaklqana
Okawaru


Innate Abilities, Weirdness & Mutations

You have a pair of horns on your head.
You reflexively headbutt those who attack you in melee.


Message History

You open the door.
Found a stone staircase leading down.
There is an open door here.
You now have 108 gold pieces (gained 16).
You open the door.
There is an open door here.
You open the door.
Found a stone staircase leading down.
A jelly comes into view.
The jelly quivers.
There is an open door here.
A jelly is nearby!
A jelly is nearby!
A kobold comes into view. It is wielding a +0 whip.
The kobold shouts!
The jelly jiggles.
The jelly hits you but does no damage. The jelly hits you.
You are splashed with acid!
You slash the jelly! The acid corrodes you!
Your hands burn!
The jelly is heavily wounded.
You block the jelly's attack. The jelly closely misses you.
You furiously retaliate!
You headbutt the jelly. You hit the jelly but do no damage.
The acid corrodes you!
Your hands burn!
The jelly is severely wounded.
The jelly hits you.
You are splashed with acid.
You hit the jelly but do no damage.
Your hands burn!
The jelly is severely wounded.
You block the kobold's attack. The jelly hits you.
* * * LOW HITPOINT WARNING * * *
You are splashed with acid!
* * * LOW HITPOINT WARNING * * *
You barely miss the jelly.
You headbutt the jelly, but do no damage.
The jelly is severely wounded.
The kobold hits you with a +0 whip.
* * * LOW HITPOINT WARNING * * *
The jelly hits you.
* * * LOW HITPOINT WARNING * * *
You are splashed with acid!
You die...

.........#....#
.........####+# ..
......>..'....# ...
.........#....#....
.........##'###....
####...............
#...............
#........K......
#.......@J......
#...........#+##
...........#
...........#
##+##......#
+......# #......#
########


You could see a jelly and a kobold.

Vanquished Creatures
  An adder (D:2)
  A dart slug (D:2)
  An orc (D:3)
  8 endoplasms
  5 hobgoblins
  3 quokkas
  3 ball pythons
  A bat (D:3)
  3 frilled lizards
  3 goblins (D:2)
  4 kobolds
  4 rats
  A spectral orc (D:3)
38 creatures vanquished.

Notes
Turn   | Place    | Note
-------+----------+-------------------------------------------
     0 | D:1      | Peloso the Minotaur Fighter began the quest for the Orb.
     0 | D:1      | Reached XP level 1. HP: 19/19 MP: 0/0
   612 | D:2      | Reached XP level 2. HP: 27/27 MP: 1/1
  1060 | D:2      | Reached XP level 3. HP: 31/33 MP: 2/2
  1303 | D:3      | Found an iron altar of Okawaru.
  1437 | D:3      | Became a worshipper of Warmaster Okawaru
  1556 | D:3      | Found a shadowy altar of Dithmenos.
  1742 | D:3      | Found a hazy altar of Hepliaklqana.
  2127 | D:3      | Found a faded altar of an unknown god.
  2554 | D:4      | HP: 1/33 [jelly (1)]
  2554 | D:4      | Splashed by a jelly's acid

Illustrated notes

Levels and vault maps discovered:
D:1:      dpeg_arrival_rooms_a, layout_loops_ring
D:2:      layout_basic, nrook_mini_backslash
D:3:      layout_loops_corners, nicolae_hepliaklqana_monster_ancestors,
          grunt_dithmenos_smoke_and_mirrors, mainiacjoe_overflow_alcove_1,
          serial_co_window_serial, co_window_corner_a, co_window_corner_a,
          co_window_paths_a, co_window_of_opportunity_a, co_window_paths_a,
          co_window_of_opportunity_b, co_window_unsneaky_path_d,
          co_window_corner_b, co_window_paths_d, glass_columns_a,
          basic_ecumenical_altar
D:4:      layout_gridville, nicolae_gozag_conspicuous_consumption, uniq_menkaure

Skill      XL: |  1  2  3 |
---------------+----------+-----
Fighting       | 4 |  4.2
Armour         | 4 |  4.4
Shields        | 4 |  4.0
Long Blades    | 3 |  3.1
Stealth        | |  0.1

Action                   || total
-------------------------++-------
Melee: Long sword        ||    72
       Headbutt          ||    12
  Use: Scroll            ||     3
Armor: Scale mail        ||    28
Dodge: Dodged            ||    28
Block: Buckler           ||    15
